 Dungeon Crawl Stone Soup version 0.21.0-3-g78d12a8 (webtiles) character file.

487 theswoord the Bolt Thrower (level 7, -20/57 HPs)
             Began as a Naga Arcane Marksman on Jan 9, 2018.
             Demolished by an ogre
             ... wielding a +0 giant club
              (25 damage)
             ... on level 5 of the Dungeon.
             The game lasted 00:10:32 (3768 turns).

theswoord the Bolt Thrower (Naga Arcane Marksman)   Turns: 3768, Time: 00:10:33

Health: -20/57     AC:  9    Str: 13    XL:     7   Next: 13%
Magic:  8/8        EV:  7    Int: 13    God:
Gold:   305        SH:  0    Dex: 13    Spells: 7/8 levels left

rFire    . . .     SeeInvis +   a - +1 hand crossbow
rCold    + . .     Gourm    .   (no shield)
rNeg     . . .     Faith    .   j - +0 scale mail
rPois    +         Spirit   .   s - +0 helmet
rElec    .         Reflect  .   (no cloak)
rCorr    .         Harm     .   m - +2 pair of gloves
MR       +....                  (no barding)
Stlth    ..........             o - amulet of inaccuracy (curse)
HPRegen  0.19/turn              r - ring of protection from cold
MPRegen  0.11/turn              v - ring of protection from magic

@: short of breath, very slow
A: large, see invisible, deformed body, poison resistance, slowness 2, slow
metabolism 1, spit poison 1, AC +2
a: Spit Poison


You were on level 5 of the Dungeon.
You were hungry.

You visited 1 branch of the dungeon, and saw 5 of its levels.

You collected 305 gold pieces.

Inventory:

Hand Weapons
 a - a +1 hand crossbow (weapon)
Missiles
 d - 11 bolts (quivered)
Armour
 e - a +0 robe
 j - a +0 scale mail (worn)
 m - a +2 pair of gloves (worn)
 s - a +0 helmet (worn)
Jewellery
 o - a cursed amulet of inaccuracy (around neck)
 r - a ring of protection from cold (left hand)
 v - a ring of protection from magic (right hand)
Wands
 g - a wand of disintegration (12)
Scrolls
 n - 2 scrolls of identify
 t - a scroll of amnesia
Potions
 b - a potion of agility
 h - a potion of curing {unknown}
 i - a potion of lignification
 k - 3 potions of degeneration {unknown}
 l - a potion of mutation {unknown}
 p - a potion of heal wounds {unknown}
 u - 4 potions of haste
 w - a potion of berserk rage {unknown}
Books
 c - a book of Debilitation

   Spells                             Type                      Level
   a - Corona                         Hexes                        1
   b - Slow                           Hexes                        2
   c - Inner Flame                    Hexes/Fire                   3
   d - Portal Projectile              Hexes/Translocation          3
   e - Cause Fear                     Hexes                        4
   f - Leda's Liquefaction            Hexes/Earth                  4
 x - a book of Maledictions

   Spells                             Type                      Level
   a - Corona                         Hexes                        1
   b - Ensorcelled Hibernation        Hexes/Ice                    2
   c - Confuse                        Hexes                        3
   d - Tukima's Dance                 Hexes                        3
   e - Dazzling Spray                 Conjuration/Hexes            3
Comestibles
 f - 4 rations


   Skills:
 - Level 1.0 Fighting
 + Level 6.9 Crossbows
 - Level 1.5 Dodging
 - Level 1.0 Spellcasting
 - Level 3.0 Hexes


You had 7 spell levels left.
You knew the following spells:

 Your Spells              Type           Power        Failure   Level  Hunger
a - Corona                Hex            #......      38%         1    ##.....


Dungeon Overview and Level Annotations

Branches:
Dungeon (5/15)
 Temple: D:4-7

Altars:
Ashenzari

Shops:
D:4 =


Innate Abilities, Weirdness & Mutations

You cannot wear boots.
Your serpentine skin is tough. (AC +2)
You have supernaturally acute eyesight. (SInv)
Armour fits poorly on your strangely shaped body.
Your system is resistant to poisons. (rPois)
You cover ground very slowly.
You have a slow metabolism.
You can spit poison.


Message History

Aim: an ogre, wielding a giant club (moderately wounded)
You shoot a bolt. The bolt barely misses the ogre.
The ogre hits you with a giant club!
* * * LOW HITPOINT WARNING * * *
Aim: an ogre, wielding a giant club (moderately wounded)
The splash of poison hits the ogre.
The ogre is poisoned.
You feel slightly more hungry.
Aim: an ogre, wielding a giant club (heavily wounded, poisoned)
You shoot a bolt. The bolt closely misses the ogre.
The ogre hits you with a giant club.
* * * LOW HITPOINT WARNING * * *
Aim: an ogre, wielding a giant club (severely wounded, poisoned)
You shoot a bolt.
The bolt hits the ogre but does no damage.
The ogre closely misses you.
Aim: an ogre, wielding a giant club (severely wounded, poisoned)
You shoot a bolt.
The bolt hits the ogre but does no damage.
The ogre hits you with a giant club!!
You die...

.## #.........
.... #.<.......(
.....#..........
.............<.#
.....##........#
.....#..........
.... #....(.....
... #...O......
... #..@.....?.
#..........
##........#
##......##
########


You could see an ogre.

Vanquished Creatures
  Sigmund (D:3)
  An ogre (D:2)
  An orc wizard (D:3)
  An iguana (D:4)
  Robin (D:4)
  4 gnolls (D:2)
  3 adders
  2 worms
  5 dart slugs
  5 leopard geckos
  6 orcs
  3 giant cockroaches
  18 goblins
  13 hobgoblins
  3 jackals (D:2)
  4 kobolds
  2 quokkas
  3 ball pythons
  6 bats
  4 frilled lizards
  A jackal skeleton (D:5)
  5 rats
92 creatures vanquished.

Notes
Turn   | Place    | Note
-------+----------+-------------------------------------------
     0 | D:1      | theswoord the Naga Arcane Marksman began the quest for the Orb.
     0 | D:1      | Reached XP level 1. HP: 18/18 MP: 2/2
    23 | D:1      | Reached skill level 2 in Crossbows
    70 | D:1      | Reached XP level 2. HP: 21/25 MP: 3/3
   283 | D:1      | Reached skill level 3 in Crossbows
   381 | D:1      | Reached XP level 3. HP: 31/31 MP: 4/4
  1346 | D:2      | Noticed an ogre
  1349 | D:2      | Killed an ogre
  1349 | D:2      | Reached skill level 4 in Crossbows
  1349 | D:2      | Reached XP level 4. HP: 38/38 MP: 5/5
  1349 | D:2      | Reached XP level 5. HP: 44/44 MP: 6/6
  1366 | D:2      | Reached skill level 5 in Crossbows
  2269 | D:3      | Noticed Sigmund
  2278 | D:3      | Killed Sigmund
  2278 | D:3      | Reached skill level 6 in Crossbows
  2278 | D:3      | Reached XP level 6. HP: 31/51 MP: 7/7
  3125 | D:4      | Reached XP level 7. HP: 57/57 MP: 8/8
  3126 | D:4      | Found a shattered altar of Ashenzari.
  3375 | D:4      | Noticed Robin
  3387 | D:4      | Killed Robin
  3623 | D:4      | Found Raas's Jewellery Shoppe.
  3740 | D:5      | Entered Level 5 of the Dungeon
  3768 | D:5      | Demolished by an ogre

Skill      XL: |  1  2  3  4  5 |
---------------+----------------+-----
Crossbows      | 2 3 4 6 |  6.9
Fighting       | |  1.0
Dodging        | |  1.5
Spellcasting   | |  1.0
Hexes          | |  3.0

Action                   |  1- 3 |  4- 6 |  7- 9 || total
-------------------------+-------+-------+-------++-------
 Fire: Hand crossbow     |    93 |   124 |    53 ||   270
 Abil: Spit Poison       |       |       |     3 ||     3
  Use: Scroll            |       |     7 |       ||     7
       Potion            |       |       |     1 ||     1
  Eat: Chunk             |     1 |     4 |     1 ||     6
Armor: Robe              |     7 |    13 |       ||    20
       Scale mail        |       |     6 |    30 ||    36
Dodge: Dodged            |    20 |    23 |    41 ||    84

Vault maps used:
D:1:      tarquinn_simple_flora_water_f, minmay_misc_feat_rows, st_stairs_7,
          serial_bayou_pond_b
D:2:      nrook_mini_backslash
D:3:      minmay_ruptured, uniq_sigmund
D:4:      ashenzari_altar_1, serial_shops, shop, hangedman_decor_riveting,
          uniq_robin
D:5:      kennysheep_mini_moat, first_ration, kennysheep_cross_bottleneck,
          corexii_checkpoint_a
